 Dungeon Crawl Stone Soup version 0.29-a0-473-gacb4ef3bc5 (webtiles) character file.

Game seed: 14734736142042113124

34 Lekart the Skirmisher (level 3, -1/33 HPs)
             Began as a Draconian Chaos Knight on May 23, 2022.
             Was a Plaything of Xom.
             Slain by Robin
             ... wielding a +1 spear of pain
              (2 damage)
             ... on level 2 of the Dungeon.
             The game lasted 00:03:11 (1498 turns).

Lekart the Skirmisher (Draconian Chaos Knight)      Turns: 1498, Time: 00:03:12

Health: -1/33      AC:  6    Str: 16    XL:     3   Next: 14%
Magic:  3/3        EV: 12    Int: 12    God:    Xom [.*....]
Gold:   91         SH:  0    Dex: 12    Spells: 1/2 levels left

rFire   . . .      SeeInvis .   a - +0 falchion (chaos)
rCold   . . .      Faith    .   (no shield)
rNeg    . . .      Spirit   .   (body armour unavailable)
rPois   .          Reflect  .   (helmet restricted)
rElec   .          Harm     .   (no cloak)
rCorr   .          Rampage  .   (no gloves)
Will    .....                   i - +0 pair of boots
Stlth   +.........              (no amulet)
HPRegen 0.11/turn               (no ring)
MPRegen 0.08/turn               (no ring)

@: hasted (expiring), very quick
A: AC +5, unfitting armour, cold-blooded, beak, strong 1
a: Renounce Religion


You were on level 2 of the Dungeon.
You worshipped Xom.
You were a plaything of Xom.
You visited 1 branch of the dungeon, and saw 2 of its levels.

You collected 91 gold pieces.

Inventory:

Hand Weapons
 a - a +0 falchion of chaos (weapon)
Missiles
 h - 27 stones (quivered)
Armour
 i - a +0 pair of boots (worn)
Jewellery
 e - a ring of protection from fire
Scrolls
 c - 3 scrolls of identify
 d - a scroll of blinking {unknown}
 f - 2 scrolls of teleportation
 g - a scroll of enchant weapon {unknown}
 j - a scroll of vulnerability {unknown}
Miscellaneous
 b - a piece from Xom's chessboard (15/15)


   Skills:
 + Level 3.8 Fighting
 + Level 3.6 Long Blades
 + Level 2.4 Dodging
 + Level 0.1 Spellcasting


You had one spell level left.
You knew the following spells:

 Your Spells              Type           Power      Damage    Failure   Level
a - Sandblast             Erth           0%         2d4       32%         1

Your spell library contained the following spells:

 Spells                   Type           Power      Damage    Failure   Level
 Foxfire                  Conj/Fire      0%         2x1d4     32%         1
 Freeze                   Ice            0%         1d3       32%         1
 Confusing Touch          Hex            0%         N/A       69%         3
 Yara's Violent Unravell  Hex/Tmut       0%         3d3       100%        5
 Enfeeble                 Hex            0%         N/A       100%        7


Dungeon Overview and Level Annotations

Branches:
Dungeon (2/15)

Altars:

Annotations:
D:2 Robin, Sigmund


Innate Abilities, Weirdness & Mutations

Your plain brown scales are hard. (AC +5)
You cannot fit into any form of body armour.
You are cold-blooded and may be slowed by cold attacks.
You have a beak for a mouth.
Your muscles are strong. (Str +2)


Message History

Robin, a hobgoblin, 8 goblins and a rat come into view.
Robin is wielding a +1 spear of pain.
Found an escape hatch in the floor.
Unknown command.
As you read the scroll labelled GAREQO JIPAXOD, it crumbles to dust.
It is a scroll of identify.
f - 2 scrolls of teleportation Robin shouts!
The hobgoblin shouts!
The goblin shouts! x5; You hear a shout! x2
The goblin hits you but does no damage.
A goblin comes into view. It is wielding a +0 dagger.
Robin hits you from afar with a +1 spear of pain.
* * * LOW HITPOINT WARNING * * *
You writhe in agony.
* * * LOW HITPOINT WARNING * * *
A goblin comes into view. It is wielding a +0 club.
A kobold comes into view. It is wielding a +0 club.
The goblin shouts!
The kobold shouts!
You barely miss the goblin.
The goblin shouts!
A goblin comes into view. It is wielding a +0 dagger.
Robin throws the goblin at you! The goblin hits you with a +0 club.
* * * LOW HITPOINT WARNING * * *
The goblin hits you with a +0 dagger.
* * * LOW HITPOINT WARNING * * *
The goblin misses you.
You aren't carrying any potions.
You closely miss the goblin. Your peck misses the goblin.
You tail-slap the goblin, but do no damage.
The goblin barely misses you.
Robin roars a battlecry!
The goblins go into a battle-frenzy!
The goblin closely misses you. x2
You miss the goblin.
Your extra speed is starting to run out.
The goblin misses you. The goblin hits you but does no damage.
The goblin misses you. Robin closely misses you.
You hit the goblin.
You kill the goblin!
Robin hits you from afar with a +1 spear of pain.
You die...

######### ## ##
....>..# . ..
##.#...#.#g#.##
#......gr#gK..#.
#.gggggg.....
##.##g#g...# #
#@# ...
........# #
.#.######


You could see Robin, 6 goblins and a rat.

Vanquished Creatures
  A dart slug (D:1)
  3 endoplasms (D:1)
  2 goblins
  5 hobgoblins
  2 jackals (D:1)
  A quokka (D:1)
  4 ball pythons
  6 bats
  4 kobolds (D:1)
  A rat (D:2)
29 creatures vanquished.

Vanquished Creatures (others)
  A hobgoblin (D:2)
  A rat (D:2)
2 creatures vanquished.

Grand Total: 31 creatures vanquished

Notes
Turn   | Place    | Note
-------+----------+-------------------------------------------
     0 | D:1      | Lekart the Draconian Chaos Knight began the quest for the
                  | Orb.
     0 | D:1      | Reached XP level 1. HP: 19/19 MP: 1/1
     7 | D:1      | XOM: divination: detect creatures
   181 | D:1      | Reached XP level 2. HP: 23/26 MP: 2/2
   238 | D:1      | XOM: cloud trail
   240 | D:1      | Got Witchcraft for Neophytes
   262 | D:1      | Learned a level 1 spell: Sandblast
   373 | D:1      | Found a faded altar of an unknown god.
   608 | D:1      | XOM: silly message
   676 | D:1      | XOM: noise
   799 | D:1      | XOM: summons 4 hostile shadow creatures
   800 | D:1      | XOM: smoke on damage
   820 | D:1      | XOM: 1-stop teleportation journey
   938 | D:1      | Reached XP level 3. HP: 33/33 MP: 3/3
  1210 | D:1      | XOM: give mutations
  1210 | D:1      | Gained mutation: Your muscles are strong. (Str +2) [Xom's
                  | grace]
  1210 | D:1      | Gained mutation: You have a beak for a mouth. [Xom's grace]
  1363 | D:2      | XOM: destruction
  1451 | D:2      | Noticed Sigmund
  1453 | D:2      | XOM: summons friendly shadow imp
  1468 | D:2      | XOM: fake destruction
  1472 | D:2      | XOM: blink monster(s)
  1476 | D:2      | XOM: 4-stop teleportation journey
  1491 | D:2      | Noticed Robin
  1491 | D:2      | XOM: 2-stop teleportation journey
  1494 | D:2      | HP: 1/33 [goblin/+0 dagger[Robin] (1)]
  1498 | D:2      | Slain by Robin

Illustrated notes

Levels and vault maps discovered:
D:1:      elethiomel_arrival_fortress_basement, layout_loops_ring,
          shapermc_ecumenical_altar_venn, minivault_25, minmay_misc_feat_tiny
D:2:      layout_loops_cross, basic_altar, uniq_jessica, uniq_sigmund,
          uniq_robin, uniq_crazy_yiuf_cottage

Action                   || total
-------------------------++-------
Melee: Falchion          ||    81
       Tailslap          ||     7
 Cast: Sandblast         ||     9
  Use: Scroll            ||     1
       Potion            ||     1
Armor: Skin              ||    44
Dodge: Dodged            ||    78

Table legend: (Time is in decaauts)
 A = Elapsed time spent in this place.
 B = Non-inter-level travel time spent in this place.
 C = Inter-level travel time spent in this place.
 D = Time resting spent in this place.
 E = Time spent auto-exploring this place.
 F = Levels seen in this place.
 G = Mean time per level.
                   A        B        C        D        E       F      G
               +--------+--------+--------+--------+--------+-----+--------+
         Total |   1496 |   1427 |     69 |     87 |   1106 |   2 |  748.0 |
       Dungeon |   1496 |   1427 |     69 |     87 |   1106 |   2 |  748.0 |
               +--------+--------+--------+--------+--------+-----+--------+

Top non-repeatable levels by time:
     D:1: 1340 daAuts
     D:2: 155 daAuts
